Workbook

Sheet Scoring
B1: HDFC POINTS SYSTEM as of 10/26/26
B3: Project Name: | E3: Points Available | F3: Points Scored
B4: =B10 -> Affordability (Maximum 45 Points) | E4: 45 | F4: =F10 -> 0
B5: =B20 -> Housing Type (Maximum 35 points) | E5: 35 | F5: =F20 -> 0
B6: =B82 -> Climate and Location Priorities (Maximum 20 Points) | E6: 20 | F6: =F82 -> 10
B7: Negative Points (Manually enter as a negative)
D8: Total: | E8: =SUM(E4:E6) -> 100 | F8: =SUM(F4:F7) -> 10
B10: Affordability (Maximum 45 Points) | E10: Section Total Points Scored: | F10: =MAX(0,IF(F12="(1)",45,IF(F12="(2)",45,IF(F12="(3)",45,0)))) -> 0
B12: Projects that meet any one of the following criteria shall receive 45 points:
B13: (1) | C13: Rural Housing: Projects located in Rural areas as defined in HSC § 50199.21 where the average affordability of Restricted Units is less than or equal to 60% AMI, with at least 10% of Units restricted at or below 40% AMI.
B15: (2) | C15: Special Needs and Supportive Housing Types: Projects where the average affordability of Restricted Units is less than or equal to 60% AMI, with at least 25% of Units restricted at or below 30% AMI for Special Needs Populations. Only eligible for Projects meeting the requirements of Special Needs or Supportive Housing types per Section 32040 (b).
B17: (3) | C17: All others: Projects where the average affordability of Restricted Units is less than or equal to 60% AMI, with at least 10% of Units restricted at or below 30% AMI and an additional 10% of Units restricted at or below 50%.
B20: Housing Type (Maximum 35 points) | E20: Section Total Points Scored: | F20: =IFERROR(VLOOKUP(F23,Scoring!J98:K118,2,FALSE),0) -> 0
B22: Please select one Housing Type, if applicable:
B24: New Construction Projects
B26: (1) | C26: Large Family Housing
C27: Consistent with requirements adopted by CTCAC for “Large family projects” pursuant to 4 CCR § 10325(g), to be considered Large Family housing, at least twenty-five percent (25%) of the Units shall be three-bedroom or larger Units and an additional twenty-five percent (25%) of the Units shall be two-bedroom or larger Units, in addition to meeting other requirements as further defined by CTCAC in 4 CCR § 10325(g)(1).
B29: (2) | C29: Senior Housing
C30: Consistent with requirements adopted by CTCAC for “Senior projects” pursuant to 4 CCR § 10325(g), to be considered Senior Housing, all Units shall be restricted to households eligible under applicable provisions of Civ. Code, §§ 51.3, 51.3.5, and 51.11 and the federal Fair Housing Act and shall be further subject to Fair Housing Laws with respect to Senior Housing. As applicable, Projects with Senior Units receiving project-based Section 8 rental subsidy, or other applicable federal rental subsidies that specifically prohibit a senior restriction, may use a senior preference for senior unit leasing, in compliance with 42 USC § 1437f, in addition to meeting other requirements as further defined by CTCAC in 4 CCR § 10325(g)(2).
C31: Senior Housing residents are defined as an individual 62 years of age or older, or 55 years of age or older in a senior housing development per Civ. Code, § 51.3(b)(4).
B33: (3) | C33: Farmworker Housing
C34: To qualify as a Farmworker Housing type, a Project must meet the following requirements:
C35: a. At least twenty-five percent (25%) of the Units are available to and occupied by Farmworker Households.
B37: (4) | C37: Special Needs Housing
C38: To qualify as Special Needs Housing, a Project must have the greater of 15 Restricted Units or 25% of the Restricted Units reserved for Special Needs Population(s). The 15 Low-Income Unit minimum shall not apply to a Project with committed HUD § 811 funding. The Project must provide a preliminary Supportive Service plan as described in Section 32100 and in CTCAC under 4 CCR § 10325(g)(3)(I) addressing the needs of the Special Needs Population at the time of application. Special Needs Housing applications shall also meet all requirements of 4 CCR § 10325(g)(3), except that HDFC-regulated Special Needs Housing Projects are exempt from the following requirements of 4 CCR §10325(g)(3):
C39: a. Requirement for any development with less than 75% of the Low-Income Units serving Special Needs Population(s), the non-Special Needs Units shall either: (i) meet the Large Family or Senior Housing requirements; or (ii) consist of at least 20% one-bedroom Units and at least 10% larger than one-bedroom Units.
C40: b. Average targeted income for the Special Needs Units of no more than 40% of AMI (4 CCR §10325(g)(3)(A)).
B42: (5) | C42: Supportive Housing
C43: To qualify as Supportive Housing, as that term is defined in HSC § 50675.14(c)(1), a Project must meet the following requirements:
C44: a. 40% of the Restricted Units are reserved for people experiencing Chronic Homelessness or youth Homelessness or exiting institutions, as defined also in Chapter 3, Section 33001.
C45: b. Must provide a preliminary Supportive Service plan as described in Section 32100 and in 4 CCR § 10325(g)(3)(I).
B47: (6) | C47: Tribal Housing
C48: To qualify as Tribal Housing, the Sponsor must be a Tribal Entity or the Project must be located on Tribal Land or within a tribe’s Indian Area as defined under 25 USC § 4103(11).
B50: (7) | C50: High Density Housing
C51: To qualify as High-Density Housing, a Project must meet HDFC’s required minimum Net Density (dwelling Units per acre) at completion, based on the Project’s location category, as defined below. This Housing Type will be capped after 25% of all funding awarded. The 4 Project location categories are defined as follows:
C52: Location Category | D52: Minimum Density Requirements
C53: Large City Downtown | D53: Minimum of 60 units/ acre for residential only projects, minimum of >3.0 FAR for mixed-use projects
C54: Urban Center | D54: Minimum of 40 units/ acre for residential only projects, minimum of >2.0 FAR for mixed-use projects
C55: All Other Areas | D55: Minimum of 25 units/ acre for residential only projects, minimum of >1.5 FAR for mixed-use projects
C56: Rural | D56: Minimum of 15 units/ acre for residential only projects, minimum of >1.0 FAR for mixed-use projects
C57: High-Density Housing may include all unit types, with minimum unit size requirements not less than the minimum size for Single Room Occupancy (SRO)/studio units as specified in CTCAC regulations (4 CCR §§ 10302 and 10325).
B59: Rehabilitation and/or Preservation Housing
C60: To qualify as Rehabilitation/Preservation housing, the Project must meet the requirements defined in these Regulations and will be awarded points as follows.
B62: (1) | C62: 25-Point Rehab/Preservation Project
C63: A Project meeting any of the following criteria will receive 25 points:
C64: i. At-Risk Project
C65: ii. A replacement or Rehabilitation Project approved by HUD pursuant to a Section 18 or 22 Demolition/Disposition authorization.
C66: iii. A Project being rehabilitated under the HUD Rental Assistance Demonstration (RAD) Program, or a Rehabilitation Project that has received a new Section 515 loan from the United States Department of Agriculture
C67: iv. A Project that received an award from HCD’s Portfolio Reinvestment Program
C68: v. A Project with a pre-1999 HCD loan
B70: (2) | C70: 20 Point Rehab/Preservation Project
C71: A Project that does not qualify for any of the criteria in (1)(A) above and meets either of the following criteria will receive 20 points:
C72: i. A Project with at least $120,000 in hard construction costs per tax credit unit and is replacing at least two major building systems, or
C73: ii. A Project applying with SRO Housing, as defined in 4 CCR § 10325(g) of the CTCAC regulations, and the Rehabilitation will add a bathroom and complete kitchen to each unit.
B75: (3) | C75: 10 Point Rehab/Preservation Project
C76: A Project meeting all of the following will receive 10 points:
C77: i. The Project does not result in a distribution of net project equity, as that term is defined in 4 CCR § 10302(gg) of the CTCAC regulations, to a general partner or a related party to the general partner. For purposes of this subparagraph, there may be a buyout of a limited partner or equity distributed to a third-party seller;
C78: ii. There is no partial or full repayment of existing soft financing, except for loans less than or equal to the greater of $500,000 or 1.5% of the Project’s total development costs or for temporary repayments that will be restored in the permanent financing; and
C79: iii. The application’s Developer Fee limit pursuant to 4 CCR § 10327(c)(2) is further limited to a cash-out Developer Fee no greater than 80% of the CTCAC cash-out Developer Fee limit. | H79: =20000000/250 -> 80000
B82: Climate and Location Priorities (Maximum 20 Points) | E82: Section Total Points Scored: | F82: =MIN(20,MAX(0,MIN(E88,15)+_xlfn.MAXIFS(E85:E87,F85:F87,TRUE))+F95) -> 10
C84: AHSC and/or TOD Project | F84: FALSE
B85: (1) | C85: High or Highest Resource Areas (20 Points, 15 points with AHSC and/or TOD Project) | E85: =IF(F84,15,20) -> 20 | H85: =IF(F85,IF(F86,TRUE,FALSE),FALSE) -> FALSE
B86: (2) | C86: Projects developed on Tribal Land or within a tribe’s Indian Area as defined under 25 USC §4103(11) | E86: 20
B87: (3) | C87: Projects not eligible above as (1) Projects Located in a High/Highest resource area, or (2 )Projects developed on Tribal Land or within a tribe's Indian Area as defined under 25 USC Section 4103(11): (A) Any Projects located in a Moderate Resource Area. | E87: =IF(AND(F85=FALSE,F86=FALSE,F87),5,0) -> 5
B88: (4) | C88: Total Site and Service Amenities Points per 4 CCR § 10325(C)(4)(A) of CTCAC Regulations (15 points maximum), except: | E88: =IF(F88>0,MIN(15,F88),0) -> 10 | F88: 10
C89: 1. Projects in Rural Areas will receive 3 points for being located within 5 miles of a park or community center accessible to the general public. | F89: Enter as total CTCAC Amenity Points
C90: 2. Projects in Rural Areas will receive 3 points for being located within 5 miles of a qualifying medical clinic with a physician, physician's assistant, or nurse practitioner onsite for a minimum of 40 hours each week, or hospital.
C91: 3. Projects in Rural Areas will receive 2 points for being located within 10 miles of a qualifying medical clinic with a physician, physician's assistant, or nurse practitioner onsite for a minimum of 40 hours each week, or hospital.
B93: (5) | C93: Projects not pursuing AHSC and/or TOD may only select one of the options below or score a maximum of 5 points
C94: in the AHSC/TOD category under (6):
F95: =IFERROR(IF(OR(F96:F98,F100:F102),IF(F84,MAX(0,E120+SUMIF((E117,E118,E119,E124,E125),TRUE,(F117,F118,F119,F124,F125))),IF(F99,10,5)),0),IF(F99,10,IF(F107>0,F107,0))) -> 0 | G95: =IFERROR(IF(OR(F96:F98,F100:F102),IF(F99,10,5),0),IF(F107>0,F107,0)) -> 0 | H95: Dropdowns
C96: i. Prohousing Status. Affordable Housing Developments located in a jurisdiction that has adopted a housing element that has been found by HCD to be in substantial compliance with the requirements of Article 10.6 (commencing with Gov. Code, § 65580) in compliance with State Housing Element Law and is designated prohousing pursuant to Gov. Code, § 65589.9(c) and to 25 CCR § 6600 et seq. | E96: 5
C97: ii. State Excess Site. Projects to be developed on land disposed pursuant to Executive Order N-06-19. For excess state-owned property disposed of under Executive Order N-06-19, the Project must have been selected by HCD/HDFC and the Department of General Services to enter into a ground lease with the State of California for the development of affordable housing on excess state-owned land. | E97: 5 | J97: Housing Type | K97: Points
C98: iii. Local Surplus Land. Projects acquired or leased from local agency with an HCD findings letter documenting compliance with Surplus Land Act (SLA), as defined in SLA Guidelines Section 500(c). This requirement applies even if the land is determined to be exempt or excluded from SLA. All applications must include the letter directly in the application submission, even if it is available in the HCD catalogue of findings letters. | E98: 5 | H98: TRUE | I98: (1) | J98: Large Family Housing | K98: 35
C99: iv. Rural Disadvantaged Community. Project is located in a census tract identified as a Disadvantaged Community on the Cal EPA SB 535 map and is not located within a census block designated as an urban area by the United States Census Bureau in the most recent decennial census. | E99: 10 | H99: FALSE | I99: (2) | J99: Senior Housing | K99: 35
C100: v. Projects located on Land from faith-based organizations. | E100: 5 | J100: Farmworker Housing
C101: vi. Projects in a location that is 15% below the regional average for per-capita VMT. | E101: 5 | J101: Special Needs Housing
C102: vii. Federal Disaster Area. Projects located within a county that is included in a federal major disaster declaration, pursuant to 42 USC § 5122, by the Federal Emergency Management Agency (FEMA) and includes Individual Assistance designation. | E102: 5 | I102: (3) | J102: Tribal Housing | K102: 35
C103: a. Federal major disaster declarations with only Public Assistance do not qualify. | I103: (4) | J103: High Density Housing | K103: 35
C104: b. Major disaster declaration with Individual Assistance designation date must be within three years of application submission date. | J104: Rehab - (1)
C105: c. Applicants are required to provide a copy of the disaster declaration number and FEMA webpage, or map showing the county was included in the major disaster declaration with Individual Assistance designation. | J105: Rehab - (2)
C106: AHSC/TOD Category | J106: Rehab - (3)
B107: (6) | C107: Any Project may receive a maximum of 5 points in the category below. Projects pursuing AHSC and/or TOD program funds must meet and utilize the section below and obtain 5 points. | F107: =MIN(5,SUMIF(F108:F119,TRUE,E108:E119)+E120+SUMIF(F124:F125,TRUE,E124:E125)) -> 0 | I107: (6) | K107: 35
C108: i. Prohousing Status. Affordable Housing Developments located in a jurisdiction that has adopted a housing element that has been found by HCD to be in substantial compliance with the requirements of Article 10.6 (commencing with § 65580) of the Government Code in compliance with State Housing Element Law and is designated prohousing pursuant to subdivision (c) of § 65589.9 of the Government Code and to California Code Regs., tit. 25, § 6600 et seq. and to Cal. Code Regs., tit. 25, § 6600 et seq | E108: 1 | K108: 35
C109: ii. State Excess Site. Projects to be developed on land disposed pursuant to Executive Order N-06-19. For excess state-owned property disposed of under Executive Order N-06-19, the Project must have been selected by HCD/HDFC and the Department of General Services to enter into a ground lease with the State of California for the development of affordable housing on excess state-owned land. | E109: 1 | K109: 25
C110: iii. Local Surplus Land. Projects acquired or leased from local agency with an HCD findings letter documenting compliance with Surplus Land Act (SLA), as defined in SLA Guidelines Section 500(c). This requirement applies even if the land is determined to be exempt or excluded from SLA. All applications must include the letter directly in the application submission, even if it is available in the HCD catalogue of findings letters. | E110: 1
C111: iv. Projects located on Land from faith-based organizations. | E111: 1
C112: v. Projects in a location that is 15% below the regional average for per-capita VMT. | E112: 1
C113: vi. Federal Disaster Area: Projects located within a county that is included in a federal major disaster declaration, pursuant to 42 USC § 5122, by the Federal Emergency Management Agency (FEMA) and includes Individual Assistance designation. | E113: 1
C114: a. Federal major disaster declarations with only Public Assistance do not qualify.
C115: b. Major disaster declaration with Individual Assistance designation date must be within three years of application submission date.
C116: c. Applicants are required to provide a copy of the disaster declaration number and FEMA webpage, or map showing the county was included in the major disaster declaration with Individual Assistance designation.
C117: vii. Proximity to Climate-Related Public Investments. Projects that are located within 1 mile of existing, planned, or previously funded climate-related public investments, including transportation, active transportation, climate resilience, transit-oriented development, and other community-serving infrastructure improvements, through California Climate Investments Funded Programs. | E117: 1 | K117: 20
C118: viii. Disadvantaged Community. Projects located in a disadvantaged community as identified on the CalEnviroScreen SB 535 Disadvantaged Communities map and as defined in Section 34000. | E118: 2 | K118: 10
C119: ix. Parking Limits. Projects that provide one parking space or less for every two Units. | E119: 1
C120: x. Walkability. Locaation efficiency of the Project site as determined by the US EPA Walkability index using the address of the Project site (max 2 points): | E120: =MIN(SUM(IF(F121,E121,0),IF(F122,E122,0),(IF(F123,E123,0))),2) -> 0
D121: Most Walkable (Dark Green; 15.25-20) | E121: 2
D122: Above Average Walkable ( Light Green; 10.51-15.25) | E122: 1
D123: For Rural Above Average | E123: 2
C124: xi. Bicycle Parking. Provide at least one (1) Secure Overnight Bicycle Parking space for every 2 residential Units. | E124: 1
...

Sheet Tiebreaker Calculation
B1: HDFC TIE BREAKER as of 10/26/26
D3: Total Benefit Numerator | E3: =C68 -> 40118146
E4: ÷
D5: Cost Adjusted Request Amount Denominator | E5: =H68 -> 56642500
D7: TIE BREAKER | E7: =IF(E5>0,E3/E5,0) -> 0.70826934
C9: Enter data in blue cells only
B10: Project Information + Tiebreaker Characteristics | C10: Selection
B11: Project Name | C11: =Scoring!C3
B12: County | C12: Alameda
B13: Housing Type | C13: Large Family
B14: Sponsor is a Tribal Entity | C14: FALSE
B15: Community-Based Developer | C15: FALSE
B17: Resource Area | C17: High
B18: Experiencing Neighborhood Change | C18: FALSE | D18: See CDLAC Regulations Section 5106(f)
B19: Located & Included in Community Revitalization Area | C19: TRUE | D19: See CDLAC Regulations Section 5106(f)
B21: Acq/Rehab w/ lower rents than CTCAC Rent Limits | C21: FALSE | D21: =IF(C21,"You must complete the Acq/ Rehab with Lower than CTCAC Rent Table in columns K:Q","Please skip the Acq/ Rehab with Lower than CTCAC Rent Table in columns K:Q") -> Please skip the Acq/ Rehab with Lower than CTCAC Rent Table in columns K:Q
B22: Prevailing Wage | C22: TRUE
B23: Project Labor Agreement or Similar | C23: FALSE | D23: See CDLAC Regulations Section 5106(f)(2)(B)
B25: Includes AHSC? | C25: TRUE
B26: Per-Unit MTCO2e Reduction | C26: 20 to less than 40 MTCO2e per unit. | D26: Per-Unit GHG Reduction is the total reduction in greenhouse gas emissions over the life of the Project, in metric tons of carbon dioxide equivalent (MTCO2e), as reported in the Total GGRF GHG Emissions Change output of the AHSC Affordable Housing Benefits Calculator Tool developed by the California Air Resources Board, divided by the total number of units in the Project
B28: Seismic/Environmental Mitigation Cost | C28: 200000 | D28: Acq/Rehab projects ONLY requiring seismic upgrades or on-site environmental remediation. Enter actual cost of upgrades or remediation.
B30: Project Financing | C30: Selection
B31: 9% or 4% LIHTC | C31: 0.09
B32: Aggregate Basis | C32: 30000000 | D32: Depreciable basis plus land basis (land and land-related costs) for 4% LIHTC projects.
B34: HDFC Resources Requested
B35: Tax Exempt Bonds | C35: 9000000 | D35: Amount of Tax Exempt Bonds requested from HDFC and CDLAC. $0 for 9% LIHTC Projects
B36: HDFC Funds | C36: 15000000 | D36: Excludes: Previously state awarded funds; MHP Supportive Services Grant; MHP Supportive Housing COSR
B37: MHP COSR | C37: 6500000 | D37: Total MHP COSR Request. Requests up to $6,000,000 will not affect tiebreaker. Any portion of MHP COSR in excess of $6,000,000 will be included in the tiebreaker denominator
B38: CTCAC Resources Projected
B39: 9% LIHTC (annual) | C39: 6000000
B40: State Tax Credit Request | C40: 5000000 | D40: Total State Tax Credit request
M41: Only complete this table if the project is an acq/rehab with rents that are lower than CTCAC rents.
C42: Enter unit totals at appropriate AMI levels. AMI levels may be adjusted using dropdown menus if necessary. | M42: Unit totals should be entered in the columns C:H, enter monthly per-unit rents in columns L:Q
C43: If some units at a given AMI tier have a rental subsidy and some do not, enter them on two separate rows. | M43: Acq/ Rehab Rents Lower than CTCAC - Average Rent Charged Over the Prev. 3 Yrs
B44: Affordability Mix | C44: Studio | D44: 1BR | E44: 2BR | F44: 3BR | G44: 4BR | H44: 5BR | I44: Total | J44: Project-Based Rental Assistance (or similar) | K44: Population | M44: AMI Tier | N44: Studio | O44: 1BR | P44: 2BR | Q44: 3BR | R44: 4BR | S44: 5BR
B45: 0.3 | C45: 5 | I45: =SUM(C45:H45) -> 5 | J45: FALSE | K45: Farmworker | M45: =B45 -> 0.3 | N45: 100 | O45: 200 | P45: 300
B46: 0.25 | D46: 26 | I46: =SUM(C46:H46) -> 26 | J46: TRUE | K46: Special Needs | M46: =B46 -> 0.25 | N46: 400 | O46: 500 | P46: 600
B47: 0.45 | E47: 7 | I47: =SUM(C47:H47) -> 7 | J47: FALSE | K47: Supportive Housing | M47: =B47 -> 0.45 | N47: 700 | O47: 800 | P47: 900
B48: 0.5 | F48: 8 | I48: =SUM(C48:H48) -> 8 | J48: FALSE | K48: Supportive Housing | M48: =B48 -> 0.5 | N48: 1000 | O48: 1000 | P48: 1000
B49: 0.6 | C49: 2 | D49: 21 | I49: =SUM(C49:H49) -> 23 | J49: FALSE | K49: None/ Other | M49: =B49 -> 0.6 | N49: 1000 | O49: 1000 | P49: 1000
B50: 0.4 | I50: =SUM(C50:H50) -> 0 | M50: =B50 -> 0.4
B51: 0.4 | I51: =SUM(C51:H51) -> 0 | M51: =B51 -> 0.4
B52: 0.45 | I52: =SUM(C52:H52) -> 0 | M52: =B52 -> 0.45
B53: 0.45 | I53: =SUM(C53:H53) -> 0 | M53: =B53 -> 0.45
B54: 0.5 | I54: =SUM(C54:H54) -> 0 | M54: =B54 -> 0.5
B55: 0.5 | I55: =SUM(C55:H55) -> 0 | M55: =B55 -> 0.5
B56: 0.55 | I56: =SUM(C56:H56) -> 0 | M56: =B56 -> 0.55
B57: 0.55 | I57: =SUM(C57:H57) -> 0 | M57: =B57 -> 0.55
B58: 0.6 | I58: =SUM(C58:H58) -> 0 | M58: =B58 -> 0.6
B59: 0.6 | I59: =SUM(C59:H59) -> 0 | M59: =B59 -> 0.6
B60: Total Restricted Units | C60: =SUM(C45:C59) -> 7 | D60: =SUM(D45:D59) -> 47 | E60: =SUM(E45:E59) -> 7 | F60: =SUM(F45:F59) -> 8 | G60: =SUM(G45:G59) -> 0 | H60: =SUM(H45:H59) -> 0 | I60: =SUM(I45:I59) -> 69
B62: Average Affordability - Restricted Units | C62: =IF(I60=0,0,SUMPRODUCT(B45:B59,I45:I59)/I60) -> 0.41956522
B63: Average Affordability - Units without Project-Based Rental Assistance | C63: {=SUMPRODUCT(--(J45:J59=FALSE),I45:I59,B45:B59)/SUMIF(J45:J59,FALSE,I45:I59)} -> 0.52209302
B64: Manager | C64: 1 | I64: =SUM(C64:H64) -> 1
B65: Total Units | C65: =C60+C64 -> 8 | D65: =D60+D64 -> 47 | E65: =E60+E64 -> 7 | F65: =F60+F64 -> 8 | G65: =G60+G64 -> 0 | H65: =H60+H64 -> 0 | I65: =I60+I64 -> 70
B68: Total Benefit Numerator | C68: =IFERROR(C70+C76+C91+C110,0) -> 40118146 | F68: Cost Adjusted Request Amount Denominator | H68: =H87 -> 56642500
B70: Rent Savings Benefit | C70: =(C73-C74)*180 -> 13437396 | F70: Resource Request | G70: Adjustment Factor | H70: =SUM(H71:H75) -> 173000000
F71: Tax Exempt Bond Request | H71: =IF(C31=4%,MAX(C35,C32*27.5%),0) -> 0
B72: Rent Savings Benefit | F72: 9% LIHTC Request | H72: =IF(C31=9%,C39*10,0) -> 60000000
B73: Restricted Unit Monthly FMR Rents | C73: ='Tiebreaker Calculation'!C122*C60+'Tiebreaker Calculation'!D122*D60+'Tiebreaker Calculation'!E122*E60+'Tiebreaker Calculation'!F122*F60+'Tiebreaker Calculation'!G122*G60+'Tiebreaker Calculation'!H122*H60 -> 177265 | F73: State Tax Credit Request | H73: =C40 -> 5000000
B74: Applicable Rents | C74: =IF(C21,SUM(C168:H168),SUM(C149:H149)) -> 102612.8 | F74: HDFC Resources Request | H74: =C36+C37 -> 21500000
F75: Total Request | H75: =SUM(H71:H74) -> 86500000
B76: Population Benefit | C76: =C78+C86 -> 18165000
F77: ="Adj. "&F71 -> Adj. Tax Exempt Bond Request | G77: 1 | H77: =G77*H71 -> 0
B78: VLI Benefit | C78: =SUMPRODUCT(C80:C84,D80:D84)*180 -> 7965000 | F78: ="Adj. "&F72 -> Adj. 9% LIHTC Request | G78: 0.85 | H78: =G78*H72 -> 51000000
B79: Unit Type | C79: No. Units | D79: Per Unit Benefit | F79: ="Adj. "&F73 -> Adj. State Tax Credit Request | G79: =IF(OR(C31=9%,C13="Acq/ Rehab"),100%,100%) -> 1 | H79: =G79*H73 -> 5000000
B80: 30% AMI or Less | C80: =SUMIFS(I134:I148,B134:B148,"<=30%") -> 31 | D80: 1250 | F80: ="Adj. "&F74 -> Adj. HDFC Resources Request | G80: 1 | H80: =G80*(C36+MAX(0,C37-6000000)) -> 15500000
B81: 35% AMI | C81: =SUMIFS(I134:I148,B134:B148,">30%",B134:B148,"<=35%") -> 0 | D81: 1000 | F81: Initially Adjusted Request | H81: =SUM(H77:H80) -> 71500000
B82: 40% AMI | C82: =SUMIFS(I134:I148,B134:B148,">35%",B134:B148,"<=40%") -> 0 | D82: 750
B83: 45% AMI | C83: =SUMIFS(I134:I148,B134:B148,">40%",B134:B148,"<=45%") -> 7 | D83: 500 | F83: Prevailing Wage Adjustment | G83: =IF(C22,15%,0) -> 0.15 | H83: =G83*$H$81 -> 10725000
B84: 50% AMI | C84: =SUMIFS(I134:I148,B134:B148,">45%",B134:B148,"<=50%") -> 8 | D84: 250 | F84: PLA Adjustment | G84: =IF(C23,3%,0) -> 0 | H84: =G84*$H$81 -> 0
F85: SWBD Adjustment | G85: =VLOOKUP(C12,B178:H235,7,FALSE)*25% -> 0.055 | H85: =G85*$H$81 -> 3932500
B86: Special Populations Benefit | C86: =C88*D88+C89*D89 -> 10200000 | F86: Seismic Adjustment | G86: =IFERROR(MIN(C28/H81,15%),0) -> 0.0027972028 | H86: =G86*$H$81 -> 200000
B87: Unit Type | C87: No. Units | D87: Per Unit Benefit | F87: Total Adjustment Factor | G87: =1-SUM(G83:G86) -> 0.7922028 | H87: =H81-SUM(H83:H86) -> 56642500
B88: Farmworker Units | C88: =MIN(SUMIF(K45:K59,"Farmworker",I45:I59),ROUNDDOWN(I60*50%,0)-C89) -> 0 | D88: 50000
B89: Special Needs/ Supportive Housing Benefit | C89: =ROUNDDOWN(MIN(50%*I60,SUMIF(K45:K59,"Supportive Housing",I45:I59)+SUMIF(K45:K59,"Special Needs",I45:I59)),0) -> 34 | D89: =IF((SUMIF(K45:K59,"Supportive Housing",I45:I59)+SUMIF(K45:K59,"Special Needs",I45:I59))<(25%*I60),100000,300000) -> 300000
B91: Location Benefit | C91: =MAX(C93,C98,C102,C106) -> 4443000
B93: Resource Area Benefit | C93: =MAX(C95*D95,C96*D96) -> 4443000
B94: Benefit Type | C94: Bedroom Adj. Units | D94: Per Unit Benefit
B95: Resource Area | C95: =H130 -> 74.05 | D95: =IF(OR(C13="Large Family",C13="High Density Housing",C13="Supportive Housing",C13="Special Needs Housing"),IF(C17="Moderate",10000,IF(C17="High",60000,IF(C17="Highest",90000,0))),0) -> 60000
B96: Exp. Neighborhood Change | C96: =H130 -> 74.05 | D96: =IF(C18,30000,0) -> 0
B98: Community Revitalization Area Benefit | C98: =C100*D100 -> 1481000
B99: Benefit Type | C99: Bedroom Adj. Units | D99: Per Unit Benefit
B100: CRA Benefit | C100: =H130 -> 74.05 | D100: =IF(C19,20000,0) -> 20000
B102: Community Based Developer Benefit | C102: =C104*D104 -> 0
B103: Benefit Type | C103: Bedroom Adj. Units | D103: Per Unit Benefit
B104: Community Based Developer Benefit | C104: =H130 -> 74.05 | D104: =IF(C15,20000,0) -> 0
B106: Tribal Entity Benefit | C106: =C108*D108 -> 0
B107: Benefit Type | C107: Bedroom Adj. Units | D107: Per Unit Benefit
B108: Tribal Entity Benefit | C108: =H130 -> 74.05 | D108: =IF(C14,20000,0) -> 0
B110: Greenhouse Gas Reduction Fund Benefit | C110: =C112 -> 4072750
B112: Greenhouse Gas Reduction Fund Benefit | C112: =C114*D114 -> 4072750
B113: Benefit Type | C113: Bedroom Adj. Units | D113: Per Unit Benefit
B114: Greenhouse Gas Reduction Fund Benefit | C114: =H130 -> 74.05 | D114: =IFERROR(IF(C25,VLOOKUP(C26,B267:C272,2,FALSE),0),0) -> 55000
A117: Do not modify data tables + formulas below
B120: County Statistics | C120: Studio | D120: 1BR | E120: 2BR | F120: 3BR | G120: 4BR | H120: 5BR
B121: County TBL: | C121: =VLOOKUP('Tiebreaker Calculation'!$C$12,'Tiebreaker Calculation'!$B$177:$G$235,2,FALSE) -> 491221 | D121: =VLOOKUP('Tiebreaker Calculation'!$C$12,'Tiebreaker Calculation'!$B$177:$G$235,3,FALSE) -> 566373 | E121: =VLOOKUP('Tiebreaker Calculation'!$C$12,'Tiebreaker Calculation'!$B$177:$G$235,4,FALSE) -> 683200 | F121: =VLOOKUP('Tiebreaker Calculation'!$C$12,'Tiebreaker Calculation'!$B$177:$G$235,5,FALSE) -> 874496 | G121: =VLOOKUP('Tiebreaker Calculation'!$C$12,'Tiebreaker Calculation'!$B$177:$G$235,6,FALSE) -> 974243 | H121: =G121 -> 974243
B122: County FMR: | C122: =VLOOKUP('Tiebreaker Calculation'!$C$12,'Tiebreaker Calculation'!$L$177:$Q$235,2,FALSE) -> 2142 | D122: =VLOOKUP('Tiebreaker Calculation'!$C$12,'Tiebreaker Calculation'!$L$177:$Q$235,3,FALSE) -> 2385 | E122: =VLOOKUP('Tiebreaker Calculation'!$C$12,'Tiebreaker Calculation'!$L$177:$Q$235,4,FALSE) -> 2912 | F122: =VLOOKUP('Tiebreaker Calculation'!$C$12,'Tiebreaker Calculation'!$L$177:$Q$235,5,FALSE) -> 3724 | G122: =VLOOKUP('Tiebreaker Calculation'!$C$12,'Tiebreaker Calculation'!$L$177:$Q$235,6,FALSE) -> 4413 | H122: =1.15*G122 -> 5074.95
B123: County 100% AMI Rent: | C123: =VLOOKUP('Tiebreaker Calculation'!$C$12,'Tiebreaker Calculation'!$S$177:$Y$235,2,FALSE) -> 2970 | D123: =VLOOKUP('Tiebreaker Calculation'!$C$12,'Tiebreaker Calculation'!$S$177:$Y$235,3,FALSE) -> 3182 | E123: =VLOOKUP('Tiebreaker Calculation'!$C$12,'Tiebreaker Calculation'!$S$177:$Y$235,4,FALSE) -> 3820 | F123: =VLOOKUP('Tiebreaker Calculation'!$C$12,'Tiebreaker Calculation'!$S$177:$Y$235,5,FALSE) -> 4412 | G123: =VLOOKUP('Tiebreaker Calculation'!$C$12,'Tiebreaker Calculation'!$S$177:$Y$235,6,FALSE) -> 4922 | H123: =VLOOKUP('Tiebreaker Calculation'!$C$12,'Tiebreaker Calculation'!$S$177:$Y$235,7,FALSE) -> 5432
B126: Adjusted Unit Calculation Table | C126: Studio | D126: 1BR | E126: 2BR | F126: 3BR | G126: 4BR+ | H126: Total
...
